 Dungeon Crawl Stone Soup version 0.30.0 (webtiles) character file.

Game seed: 11500951319560104321

1038 Eitelfritz the Carver (level 8, -6/67 HPs)
             Began as a Minotaur Gladiator on May 6, 2023.
             Mangled by an ice beast (12 damage)
             ... on level 5 of the Dungeon.
             The game lasted 00:12:48 (3938 turns).

Eitelfritz the Carver (Minotaur Gladiator)          Turns: 3938, Time: 00:12:49

Health: -6/67      AC:  4    Str: 18    XL:     8   Next: 4%
Magic:  7/7        EV: 13    Int:  7    God:
Gold:   1156       SH:  5    Dex: 13    Spells: 7/7 levels left

rFire   . . .        a - +0 long sword
rCold   . . .        (no shield)
rNeg    . . .        t - +0 leather armour
rPois   +            c - +0 hat
rElec   .            g - +0 cloak
rCorr   .            (no gloves)
SInv    .            (no boots)
Will    .....        j - amulet of reflection
Stlth   ++           (no ring)
HPRegen 0.31/turn    (no ring)
MPRegen 0.10/turn

%: reflection, clarity
@: no status effects
A: horns 2, retaliatory headbutt, clarity, sense surroundings 1, poison
resistance
a: no special abilities


You were on level 5 of the Dungeon.
You visited 1 branch of the dungeon, and saw 6 of its levels.

You collected 1156 gold pieces.

Inventory:

Hand Weapons
 a - a +0 long sword (weapon)
 b - a +0 sling
 l - a +0 morningstar
Missiles
 d - a throwing net (quivered)
 e - 5 javelins
 m - 4 poisoned darts
Armour
 c - a +0 hat (worn)
 g - a +0 cloak (worn)
 o - a +0 chain mail
 t - a +0 leather armour (worn)
Jewellery
 j - an amulet of reflection (around neck)
Wands
 s - a wand of acid (8)
Scrolls
 f - 2 scrolls of amnesia
 h - a scroll of blinking
 p - a scroll of magic mapping
Potions
 i - a potion of attraction
 k - a potion of might
 n - a potion of lignification {unknown}
 r - 2 potions of curing


   Skills:
 + Level 4.9 Fighting
 + Level 8.4 Long Blades
 + Level 2.3 Throwing
 + Level 3.4 Armour
 + Level 5.2 Dodging
 + Level 2.0 Stealth
 + Level 1.0 Shields


You had 7 spell levels left.
You didn't know any spells.
Your spell library contained the following spells:

 Spells                   Type           Power      Damage    Failure   Level
 Beastly Appendage        Tmut           0%         N/A       50%         1
 Wereblood                Tmut           0%         N/A       63%         2
 Spider Form              Tmut/Pois      0%         N/A       86%         3


Dungeon Overview and Level Annotations

Branches:
Dungeon (6/15)
 Temple: D:4-7

Altars:
Dithmenos
Xom
The Shining One

Annotations:
D:4 2 runed translucent doors, shayaa's ghost, amateur HuFi


Innate Abilities, Weirdness & Mutations

You have a pair of horns on your head.
You reflexively headbutt those who attack you in melee.
You possess an exceptional clarity of mind.
You passively map a small area around you.
Your system is resistant to poisons. (rPois)


Message History

You miss something. Something hits you but does no damage.
You slash something!
Reactivating autopickup.
You feel a bit more experienced.
Things that are here:
a +0 dagger; a +0 robe; an orc corpse You see here a worm corpse.
Items here: ))) [[ ††.
Things that are here:
a +0 short sword; an orc corpse You hear the rusting of a very distant drain.
You now have 1156 gold pieces (gained 15).
There are no items here.
Found 16 gold pieces.
Found a stone staircase leading up.
The ice beast closely misses you.
You hit the ice beast but do no damage. Your headbutt misses the ice beast.
The ice beast hits you. The ice beast freezes you!
You hit the ice beast but do no damage. The ice beast barely misses you.
You hit the ice beast.
The ice beast is lightly wounded.
The ice beast hits you. The ice beast freezes you.
You hit the ice beast.
The ice beast is moderately wounded.
The ice beast hits you. The ice beast freezes you!
You hit the ice beast.
The ice beast is heavily wounded.
The ice beast hits you. The ice beast freezes you!
You hit the ice beast but do no damage. Your headbutt misses the ice beast.
The ice beast is heavily wounded.
The ice beast hits you.
* * * LOW HITPOINT WARNING * * *
The ice beast freezes you!
* * * LOW HITPOINT WARNING * * *
You hit the ice beast.
You headbutt the ice beast, but do no damage.
The ice beast is severely wounded.
The ice beast hits you.
* * * LOW HITPOINT WARNING * * *
The ice beast freezes you!
You die...

* #.###..#.# #
#.###..#.# #. #........#
* ###.### #...>..### * *
.......* #####.## , ,
$...... #.### ,
<......## #.#.## ,
........########....####
.......@.......)†.†....+
.......Y########....####
........# #.#.##
#######.# #.### , * #.#
#.# * #.# ..# , * * #.#
.## *..# ,.. *


You could see an ice beast.

Vanquished Creatures
  Grinder (D:3)
  Sigmund (D:2)
  A black bear (D:4)
  A phantom (D:4)
  A scorpion (D:5)
  A hound (D:4)
  An orc priest (D:2)
  Crazy Yiuf (D:2)
  Terence (D:2)
  6 orc wizards
  An iguana (D:6)
  5 adders
  2 worms
  3 dart slugs
  29 orcs
  7 ball pythons
  6 endoplasms
  5 giant cockroaches (D:1)
  3 goblins
  4 hobgoblins
  7 jackals
  3 quokkas
  5 bats
  14 frilled lizards
  7 kobolds
  8 rats
124 creatures vanquished.

Vanquished Creatures (others)
  7 plants (D:2)
7 creatures vanquished.

Grand Total: 131 creatures vanquished

Notes
Turn   | Place    | Note
-------+----------+-------------------------------------------
     0 | D:1      | Eitelfritz the Minotaur Gladiator began the quest for the
                  | Orb.
     0 | D:1      | Reached XP level 1. HP: 18/18 MP: 0/0
   106 | D:1      | Reached skill level 4 in Long Blades
   138 | D:1      | Reached XP level 2. HP: 22/25 MP: 1/1
   440 | D:1      | Reached XP level 3. HP: 25/31 MP: 2/2
  1160 | D:2      | Reached XP level 4. HP: 38/38 MP: 3/3
  1165 | D:2      | Reached skill level 1 in Armour
  1250 | D:2      | Noticed Terence
  1263 | D:2      | Killed Terence
  1264 | D:2      | Reached skill level 5 in Long Blades
  1338 | D:2      | Noticed Sigmund
  1371 | D:2      | Killed Sigmund
  1372 | D:2      | Reached skill level 6 in Long Blades
  1372 | D:2      | Reached XP level 5. HP: 20/45 MP: 4/4
  1531 | D:2      | Found a runed translucent door.
  1532 | D:2      | Noticed Crazy Yiuf
  1672 | D:2      | Killed Crazy Yiuf
  1673 | D:2      | Reached skill level 1 in Stealth
  1673 | D:2      | Reached XP level 6. HP: 48/51 MP: 3/5
  2182 | D:3      | Noticed Grinder
  2185 | D:3      | Paralysed by Grinder for 4 turns
  2197 | D:3      | Paralysed by Grinder for 2 turns
  2199 | D:3      | Gained mutation: Your system is resistant to poisons.
                  | (rPois) [potion of mutation]
  2199 | D:3      | Gained mutation: You passively map a small area around you.
                  | [potion of mutation]
  2199 | D:3      | Gained mutation: You possess an exceptional clarity of
                  | mind. [potion of mutation]
  2202 | D:3      | Paralysed by Grinder for 4 turns
  2208 | D:3      | Paralysed by Grinder for 3 turns
  2212 | D:3      | Killed Grinder
  2213 | D:3      | Reached skill level 7 in Long Blades
  2213 | D:3      | Reached XP level 7. HP: 18/59 MP: 6/6
  2352 | D:3      | Found a faded altar of an unknown god.
  2649 | D:3      | Identified a scroll of acquirement
  2649 | D:3      | Acquired 996 gold pieces
  2672 | D:4      | Found a runed translucent door.
  2673 | D:4      | Noticed shayaa's ghost (amateur HuFi)
  2700 | D:4      | Found a runed translucent door.
  2981 | D:4      | Found a shadowy altar of Dithmenos.
  3695 | D:5      | Entered Level 5 of the Dungeon
  3712 | D:5      | Reached skill level 5 in Dodging
  3744 | D:5      | Reached skill level 8 in Long Blades
  3744 | D:5      | Reached skill level 1 in Shields
  3754 | D:5      | You fall into a shaft and drop 1 floor!
  3809 | D:6      | Reached XP level 8. HP: 57/67 MP: 7/7
  3844 | D:5      | Found a shimmering altar of Xom.
  3844 | D:5      | Found a glowing golden altar of the Shining One.
  3938 | D:5      | Mangled by an ice beast

Illustrated notes

Levels and vault maps discovered:
D:1:      beargit_arrival_greenhouse, layout_basic
D:2:      layout_basic, minmay_lizard_king, uniq_sigmund,
          uniq_crazy_yiuf_cottage, uniq_terence
D:3:      layout_loops_ring, hellmonk_ecumenical_altar_lost_god,
          chequers_serial_rivers_small_b, hangedman_decor_push,
          kennysheep_generic_room_6, uniq_grinder
D:4:      black_bear_nest_2, layout_rooms, nicolae_dithmenos_shadow_blocks,
          ebering_ghost_sewer_f
D:5:      layout_loops_corners, mainiacjoe_overflow_divided_tiny,
          portal_sewer_entry_e, uniq_duvessa, uniq_eustachio
D:6:      layout_loops_ring, uniq_prince_ribbit1, uniq_edmund

Skill      XL: |  1  2  3  4  5  6  7 |
---------------+----------------------+-----
Long Blades    | 4 6 7 8 |  8.4
Fighting       | 3 4 |  4.9
Armour         | 2 3 |  3.4
Dodging        | 4 5 |  5.2
Stealth        | 1 2 |  2.0
Shields        | 1 |  1.0
Throwing       | |  2.3

Action                     |  1- 3 |  4- 6 |  7- 9 || total
---------------------------+-------+-------+-------++-------
  Melee: Long sword        |    84 |    79 |   151 ||   314
         Headbutt          |     9 |    10 |    26 ||    45
         Punch             |       |       |     2 ||     2
  Throw: Throwing net      |       |     4 |       ||     4
    Use: Scroll            |       |     4 |     4 ||     8
         Potion            |       |     3 |       ||     3
   Stab: Sleeping          |     1 |       |       ||     1
         Held in net/web   |       |     1 |       ||     1
 Armour: Leather armour    |    16 |    24 |    34 ||    74
  Dodge: Dodged            |    64 |    61 |    67 ||   192
  Block: Other             |       |       |    18 ||    18
         Reflection        |       |       |     1 ||     1
